 Dungeon Crawl Stone Soup version 0.24-a0-698-g60d090ba07 (webtiles) character file.

125552 Ankalagon the Brawler (level 16, -2/172 HPs)
             Began as a Purple Draconian Chaos Knight on Dec 12, 2018.
             Was a Plaything of Xom.
             Slain by an emperor scorpion (28 damage)
             ... on level 4 of the Spider Nest on Apr 5, 2020.
             The game lasted 01:33:48 (31580 turns).

Ankalagon the Brawler (DrCK)                       Turns: 31580, Time: 01:33:48

Health: -2/172     AC: 15    Str: 17      XL:     16   Next: 41%
Magic:  22/26      EV: 20    Int: 17 (18) God:    Xom [....*.]
Gold:   1867       SH:  5    Dex: 19      Spells: 13/25 levels left

rFire    + . .     SeeInvis +     - Unarmed
rCold    + + .     Gourm    .   (shield currently unavailable)
rNeg     . . .     Faith    .   (armour unavailable)
rPois    +         Spirit   .   O - +2 hat
rElec    +         Reflect  +   F - scarf {rC+ rF+}
rCorr    .         Harm     .   (gloves currently unavailable)
MR       ++++.     Clarity  +   (boots unavailable)
Stlth    ++........             D - +5 amulet of reflection
HPRegen  0.38/turn              B - ring "Jechem" {rElec AC+4 Dex+5}
MPRegen  0.20/turn              I - +3 ring of slaying

@: short of breath, blade hands, flying
A: breathe power, unfitting armour, big wings, talons 3, see invisible, blink,
clarity, clever 1, cold resistance 1, deterioration 1, magic resistance 2, sense
surroundings 1, poison resistance, robust 2, screaming 1, electricity
resistance, strong 1, wild magic 1, evolution 1, cold-blooded, AC +9
a: Breathe Dispelling Energy, Stop Flying, End Transformation, Blink, Renounce
Religion


You were on level 4 of the Spider Nest.
You worshipped Xom.
You were a beloved toy of Xom.
You were hungry.
You had blades for hands.
You visited 3 branches of the dungeon, and saw 25 of its levels.
You also visited: Bailey and Ice Cave.

You collected 3889 gold pieces.
You spent 2022 gold pieces at shops.

Inventory:

Missiles
 c - 16 boomerangs (quivered)
 s - 69 poisoned darts
 y - 4 javelins
 K - 3 throwing nets
 S - 13 curare-tipped darts {god gift}
 U - 3 silver boomerangs
Armour
 o - a +2 pair of gloves (melded)
 F - a scarf of resistance (worn)
 O - a +2 hat (worn)
 Q - a +2 pair of boots of flying
Jewellery
 r - a +5 ring of evasion
 B - the ring "Jechem" (left scythe-like blade) {rElec AC+4 Dex+5}
   (You bought it in a shop on level 10 of the Dungeon)

   [ring of protection]

   It affects your AC (+4).
   It affects your dexterity (+5).
   It insulates you from electricity.
 D - a +5 amulet of reflection (around neck)
 G - an uncursed ring of protection from cold
 I - a +3 ring of slaying (right scythe-like blade)
 M - an uncursed ring of protection from fire
 N - the ring of Koev Ved {rC+ MR+ Int+3 Stlth+}
   (You found it on level 12 of the Dungeon)

   [ring of protection from magic]

   It affects your intelligence (+3).
   It protects you from cold.
   It affects your resistance to hostile enchantments.
   It makes you more stealthy.
Wands
 e - a wand of random effects (15)
 f - a wand of flame (44)
 j - a wand of iceblast (18)
 x - a wand of disintegration (16)
 C - a wand of clouds (10)
 R - a wand of digging (12)
 T - a wand of scattershot (11) {god gift}
 Z - a wand of paralysis (5)
Scrolls
 d - 13 scrolls of remove curse
 h - 8 scrolls of enchant armour
 i - 9 scrolls of identify
 m - 4 scrolls of fog
 p - 11 scrolls of teleportation
 t - 3 scrolls of magic mapping
 A - 7 scrolls of vulnerability
 P - 3 scrolls of blinking
 V - 3 scrolls of fear
Potions
 b - 4 potions of lignification
 g - 2 potions of resistance
 k - 3 potions of ambrosia
 l - 4 potions of brilliance
 q - 7 potions of curing
 u - 5 potions of invisibility
 v - 3 potions of haste
 E - a potion of magic
 H - 3 potions of might
 J - 6 potions of agility
 L - 5 potions of mutation
 X - 3 potions of heal wounds
 Y - 3 potions of cancellation
Miscellaneous
 n - a phantom mirror
 w - a fan of gales
 z - a lamp of fire
 W - 2 sacks of spiders
Comestibles
 a - 22 rations


   Skills:
 - Level 13.4 Fighting
 - Level 6.0 Throwing
 - Level 10.0 Dodging
 - Level 16.2 Unarmed Combat
 - Level 5.0 Spellcasting
 - Level 12.2 Transmutations
 + Level 13.9 Evocations


You had 13 spell levels left.
You knew the following spells:

 Your Spells              Type           Power        Failure   Level  Hunger
a - Dragon Form           Tmut           ######....   96%         7    #######
g - Blade Hands           Tmut           ######....   32%         5    ######.

Your spell library contained the following spells:

 Spells                   Type           Power        Failure   Level  Hunger
 Beastly Appendage        Tmut           ######       11%         1    None
 Sticks to Snakes         Tmut           ######..     12%         2    #......
 Passwall                 Tmut/Erth      ####....     28%         2    #......
 Spider Form              Tmut/Pois      ####......   36%         3    ###....
 Ice Form                 Ice/Tmut       ####....     58%         4    ####...
 Petrify                  Tmut/Erth      ####....     58%         4    ####...
 Apportation              Tloc           #.....       63%         1    None
 Corona                   Hex            #......      63%         1    None
 Flame Tongue             Conj/Fire      #....        63%         1    None
 Freeze                   Ice            #...         63%         1    None
 Sandblast                Erth           #.....       63%         1    None
 Sting                    Conj/Pois      #...         63%         1    None
 Summon Butterflies       Summ           #.......     63%         1    None
 Summon Small Mammal      Summ           #...         63%         1    None
 Call Imp                 Summ           #.......     73%         2    #......
 Shroud of Golubria       Chrm/Tloc      #.....       73%         2    #......
 Slow                     Hex            #.......     73%         2    #......
 Song of Slaying          Chrm           #.......     73%         2    #......
 Swiftness                Chrm/Air       #.......     73%         2    #......
 Throw Frost              Conj/Ice       #.....       73%         2    #......
 Alistair's Intoxication  Tmut/Pois      ####....     82%         5    ######.
 Call Canine Familiar     Summ           #.......     86%         3    ###....
 Inner Flame              Hex/Fire       #.......     86%         3    ###....
 Lesser Beckoning         Tloc           #.........   86%         3    ###....
 Ozocubu's Armour         Chrm/Ice       #.......     86%         3    ###....
 Portal Projectile        Hex/Tloc       #.....       86%         3    ###....
 Stone Arrow              Conj/Erth      #.....       86%         3    ###....
 Summon Guardian Golem    Hex/Summ       #.......     86%         3    ###....
 Tukima's Dance           Hex            #.......     86%         3    ###....
 Cause Fear               Hex            #.........   99%         4    ####...
 Leda's Liquefaction      Hex/Erth       #.........   99%         4    ####...
 Passage of Golubria      Tloc           N/A          99%         4    ####...
 Summon Ice Beast         Ice/Summ       #.......     99%         4    ####...
 Summon Lightning Spire   Summ/Air       #.......     99%         4    ####...
 Throw Icicle             Conj/Ice       #.......     99%         4    ####...
 Statue Form              Tmut/Erth      ####.....    99%         6    #######
 Bolt of Magma            Conj/Fire/Erth #.........   100%        5    ######.
 Lee's Rapid Deconstruct  Erth           #.........   100%        5    ######.
 Bolt of Fire             Conj/Fire      #.........   100%        6    #######
 Darkness                 Hex            #.........   100%        6    #######
 Deflect Missiles         Chrm/Air       #.........   100%        6    #######
 Invisibility             Hex            #.......     100%        6    #######
 Iron Shot                Conj/Erth      #.........   100%        6    #######
 Malign Gateway           Summ/Tloc      #.........   100%        7    #######
 Monstrous Menagerie      Summ           #.........   100%        7    #######
 Summon Greater Demon     Summ           #.........   100%        7    #######
 Summon Horrible Things   Summ           #.........   100%        8    #######
 Dragon's Call            Summ           #.........   100%        9    #######
 Shatter                  Erth           #.........   100%        9    #######


Dungeon Overview and Level Annotations

Branches:
Dungeon (15/15)            Temple (0/1) D:6            Lair (6/6) D:8
 Shoals (0/4) Lair:4       Spider (4/4) Lair:2        Slime (0/5) Lair:6
    Orc (0/2) D:11         Vaults (0/5) D:13         Depths (0/5) D:15
  IceCv (visited)

Altars:
Cheibriados
Elyvilon
Ru
Vehumet
Xom
Jiyva

Shops:
D:5 [*   D:10 %=   D:14 %   D:15 =*

Annotations:
D:4 2 transporters, exclusion: downstairs, Phong's ghost, novice OpVM
Lair:3 exclusion: oklob plant
Spider:2 3 runed translucent doors, Ankalagon's ghost, journeyman DrCK


Innate Abilities, Weirdness & Mutations

You can breathe bolts of dispelling energy.
Your rich purple scales are hard. (AC +9)
You cannot fit into any form of body armour.
You are cold-blooded and may be slowed by cold attacks.
Your large and strong wings let you fly indefinitely.
You have claws for feet.
You have supernaturally acute eyesight. (SInv)
You can translocate small distances at will.
You possess an exceptional clarity of mind.
Your mind is acute. (Int +2)
Your flesh is cold resistant. (rC+)
Your body sometimes deteriorates upon taking damage.
You are highly resistant to hostile enchantments. (MR++)
You passively map a small area around you.
Your system is resistant to poisons. (rPois)
You are very robust. (+20% HP)
You occasionally shout uncontrollably at your foes.
You are resistant to electric shocks. (rElec)
Your muscles are strong. (Str +2)
Your spells are a little harder to cast, but a little more powerful.
You evolve.


Message History

You claw the emperor scorpion, but do no damage.
You tail-slap the emperor scorpion, but do no damage.
You slash the emperor scorpion!
The emperor scorpion is almost dead.
Your crimson imp barely misses the emperor scorpion.
The emperor scorpion stings you.
* * * LOW HITPOINT WARNING * * *
The emperor scorpion claws you but does no damage.
The emperor scorpion completely misses you.
You slash the emperor scorpion!
You claw the emperor scorpion, but do no damage.
Your tail-slap misses the emperor scorpion.
The emperor scorpion is almost dead.
Your crimson imp misses the emperor scorpion.
You hit the emperor scorpion but do no damage.
Your kick misses the emperor scorpion.
You tail-slap the emperor scorpion, but do no damage.
The emperor scorpion is almost dead.
The emperor scorpion stings you!!
You die...

#....## * #.....##
* #.†...^### *,
#........#* ***
#..^#.....#** **,,
#..........*,,**,,
#5......#..*,,, ,,
#s5....^#,.*,,,,*,
#@^....##*,, ,,,**
#5..#..#*, ,,,,,*
########**,*,*,**
** ***


You could see an emperor scorpion, a friendly iron imp, a friendly quasit and a
friendly crimson imp.

Vanquished Creatures
  Arachne (Spider:3)
  An Ice Fiend (IceCv)
  Gastronok (D:10)
  A ghost moth (Spider:1)
  Louise (D:14)
  An emperor scorpion (Spider:1)
  Nessos (D:12)
  A spark wasp (Spider:3)
  A fire dragon (D:13)
  Fannar (D:10)
  3 vault guards (D:13)
  3 hydras
  6 centaur warriors
  A catoblepas (Lair:4)
  Erolcha (D:12)
  5 two-headed ogres
  A death knight (D:15)
  An ogre mage (D:15)
  Sonja (Lair:5)
  4 skeletal warriors (D:15)
  A flayed ghost (D:15)
  3 unseen horrors
  A lindwurm (Lair:6)
  A deep elf archer (Bailey)
  A shadow dragon zombie (D:15)
  14 orb spiders
  8 deep elf magi (Bailey)
  A necromancer (D:15)
  4 manticores
  A frost giant zombie (D:15)
  5 ugly things
  18 wolf spiders
  3 moths of wrath
  7 cyclopes
  4 centaur zombies
  A merfolk siren (Lair:4)
  A torpor snail (Lair:3)
  3 black mambas
  3 gargoyles
  2 spiny frogs
  4 ice statues
  5 kobold demonologists
  12 demonic crawlers
  2 efreet
  A rime drake (shapeshifter) (D:13)
  3 anaconda simulacra (IceCv)
  3 komodo dragons
  2 freezing wraiths (D:15)
  A golden dragon simulacrum (IceCv)
  11 ice devils (IceCv)
  A merfolk (D:10)
  3 meliai (Spider:3)
  25 jumping spiders
  4 polar bears (Lair:6)
  4 tyrant leeches
  A harpy zombie (D:14)
  2 tengu conjurers
  8 trolls
  4 hornets
  12 blink frogs
  6 slime creatures (D:14)
  7 dream sheep (Lair:6)
  6 hippogriffs
  41 yaks
  11 tarantellas
  13 spriggans
  2 vampires
  39 redbacks
  Grum (D:10)
  2 shadows
  2 dire elephant simulacra (IceCv)
  A hungry ghost (D:12)
  7 wyverns
  2 wraiths (D:15)
  A basilisk (shapeshifter) (D:14)
  3 basilisks
  An iron troll simulacrum (IceCv)
  2 harpy simulacra (IceCv)
  3 wargs (D:8)
  4 swamp worms
  2 soldier ants
  2 acid dragons
  A hydra simulacrum (IceCv)
  11 water moccasins
  2 floating eyes
  2 porcupines
  A tengu skeleton (D:15)
  10 orc warriors
  An ice beast (D:10)
  5 sky beasts
  3 boggarts (Lair:6)
  5 phantoms
  28 wolves
  4 black bears
  A necrophage (D:10)
  9 ogres
  10 centaurs
  11 crocodiles
  A yaktaur zombie (D:15)
  Blork the orc (D:4)
  3 gnoll sergeants (D:11)
  5 big kobolds
  14 bullfrogs
  4 scorpions
  3 killer bees (D:10)
  6 wights
  6 howler monkeys
  10 crimson imps
  A bullfrog zombie (D:12)
  4 hounds
  2 quasits (D:13)
  9 orc priests
  7 centaur skeletons
  11 jellies
  2 iguanas
  11 orc wizards
  14 worker ants
  A killer bee zombie (D:8)
  A hound zombie (D:11)
  A hound skeleton (D:10)
  2 worker ant zombies
  10 gnolls
  6 adders
  2 howler monkey skeletons
  4 shadow imps
  2 worms
  7 leopard geckos
  48 orcs
  3 giant cockroaches
  7 goblins
  5 hobgoblins
  14 jackals
  5 quokkas
  2 ball pythons
  6 bats
  4 frilled lizards
  A giant cockroach zombie (D:6)
  18 kobolds
  A quokka skeleton (D:6)
  7 rats
759 creatures vanquished.

Vanquished Creatures (collateral kills)
  2 deep elf magi (Bailey)
  2 spiny frogs
  A komodo dragon (Lair:6)
  A rime drake (Lair:6)
  2 blink frogs (Lair:5)
  A dream sheep (Lair:6)
  A spriggan (Lair:6)
  A wyvern (Lair:6)
  2 yaks
  A water moccasin (Lair:5)
  A black bear (Lair:6)
  A hornet zombie (D:9)
  4 wolves (Lair:6)
  A centaur (D:15)
  A wight (D:6)
  A crimson imp (D:10)
  An orc (D:6)
  A fungus (Lair:2)
25 creatures vanquished.

Vanquished Creatures (others)
  Donald (Spider:3)
  A wolf spider (Spider:2)
  A jumping spider (Spider:4)
  A boggart (Lair:6)
  Terence (D:1)
  An orc (D:4)
  5 fungi (Lair:3)
  8 plants
  3 toadstools (D:4)
22 creatures vanquished.

Grand Total: 806 creatures vanquished

Notes
Turn   | Place    | Note
-------+----------+-------------------------------------------
     0 | D:1      | Ankalagon the Draconian Chaos Knight began the quest for
                  | the Orb.
     0 | D:1      | Reached XP level 1. HP: 19/19 MP: 1/1
    41 | D:1      | XOM: divination: magic mapping
   221 | D:1      | Reached XP level 2. HP: 13/26 MP: 2/2
   611 | D:1      | XOM: harmless Erth miscast
   848 | D:1      | XOM: cloud trail
   872 | D:2      | Reached skill level 4 in Unarmed Combat
   880 | D:2      | XOM: divination: detect creatures
  1053 | D:2      | Reached XP level 3. HP: 27/31 MP: 3/3
  1073 | D:2      | XOM: harmless Chrm miscast
  1114 | D:2      | XOM: 1-stop teleportation journey
  1115 | D:2      | Noticed Terence
  1139 | D:2      | XOM: potion effect (haste)
  1169 | D:2      | XOM: summons 1 hostile demon
  1319 | D:1      | XOM: god gift: hand axe {god gift}
  1530 | D:2      | XOM: give mutations
  1530 | D:2      | Gained mutation: You are agile. (Dex +2) [Xom's mischief]
  1530 | D:2      | Gained mutation: Your body sometimes deteriorates upon
                  | taking damage. [Xom's mischief]
  1530 | D:2      | Gained mutation: You have a pair of small antennae on your
                  | head. [Xom's mischief]
  1530 | D:2      | Gained mutation: You evolve. [Xom's mischief]
  1731 | D:2      | XOM: harmless Erth miscast
  1893 | D:2      | XOM: harmless Pois miscast
  1895 | D:2      | XOM: harmless Chrm miscast
  1918 | D:2      | XOM: give mutations
  1918 | D:2      | Gained mutation: You occasionally shout uncontrollably at
                  | your foes. [Xom's mischief]
  1918 | D:2      | Gained mutation: You have supernaturally acute eyesight.
                  | (SInv) [Xom's mischief]
  1918 | D:2      | Lost mutation: You have a pair of small antennae on your
                  | head. [Xom's mischief]
  1918 | D:2      | Gained mutation: Your body often deteriorates upon taking
                  | damage. [Xom's mischief]
  1952 | D:2      | XOM: stat loss: -1 Int (11/12)
  1986 | D:1      | HP: 1/31 [Terence/+1 morningstar of holy wrath (9)]
  1989 | D:1      | XOM: confusion
  2007 | D:1      | Killed Terence
  2007 | D:1      | XOM: divine lightning
  2320 | D:3      | XOM: 2-stop teleportation journey
  2798 | D:3      | Reached XP level 4. HP: 38/38 MP: 4/4
  2962 | D:3      | XOM: mild Necr miscast
  2977 | D:3      | XOM: medium Tloc miscast
  3159 | D:3      | Reached skill level 5 in Unarmed Combat
  3326 | D:3      | Lost mutation: You are agile. (Dex +2) [evolution]
  3496 | D:3      | XOM: give mutations
  3496 | D:3      | Gained mutation: You have a pair of small horns on your
                  | head. [Xom's grace]
  3496 | D:3      | Gained mutation: You are resistant to electric shocks.
                  | (rElec) [Xom's grace]
  3614 | D:4      | XOM: destruction
  3673 | D:4      | Found a transporter.
  3673 | D:4      | Noticed Phong's ghost (novice OpVM)
  3674 | D:4      | Noticed a hippogriff
  3701 | D:4      | XOM: confuse monster(s)
  3705 | D:4      | Reached XP level 5. HP: 38/45 MP: 5/5
  3717 | D:4      | Found a transporter.
  3815 | D:4      | Noticed an ogre
  3822 | D:4      | Killed an ogre
  3822 | D:4      | Reached skill level 6 in Unarmed Combat
  3877 | D:4      | Noticed an ogre
  3883 | D:4      | XOM: scenery: create altars
  3887 | D:4      | Killed an ogre
  3887 | D:4      | Reached skill level 1 in Evocations
  3887 | D:4      | Reached XP level 6. HP: 31/51 MP: 5/7
  4105 | D:4      | Found a radiant altar of Vehumet.
  4111 | D:4      | Noticed Blork the orc
  4130 | D:4      | Killed Blork the orc
  4357 | D:4      | Found a sacrificial altar of Ru.
  4404 | D:4      | XOM: snakes to sticks
  4491 | D:4      | XOM: silly message
  4605 | D:5      | Entered Level 5 of the Dungeon
  4707 | D:5      | XOM: divination: detect creatures
  4813 | D:5      | XOM: enchant monster (bad)
  4973 | D:5      | XOM: enchant monster (bad)
  4981 | D:5      | Your scales start taking on a rich purple colour.
  4981 | D:5      | Reached XP level 7. HP: 54/57 MP: 7/9
  5159 | D:5      | Found Eqoidoemi's Assorted Antiques.
  5168 | D:5      | Bought a scroll labeled HITIEM WODITSOBIM for 26 gold
                  | pieces
  5169 | D:5      | Bought a scroll labeled VOGITW HIOCHY for 26 gold pieces
  5170 | D:5      | Bought a scroll labeled DIUMUD LIALL for 26 gold pieces
  5170 | D:5      | Bought a scroll labeled DUIGIS TIFIUMA for 26 gold pieces
  5243 | D:5      | XOM: mild Tmut miscast
  5320 | D:5      | Found Loum's Armour Boutique.
  5454 | D:5      | XOM: give mutations
  5454 | D:5      | Gained mutation: Your system is resistant to poisons.
                  | (rPois) [Xom's grace]
  5454 | D:5      | Gained mutation: Your spells are a little harder to cast,
                  | but a little more powerful. [Xom's grace]
  5454 | D:5      | Gained mutation: You are robust. (+10% HP) [Xom's grace]
  5454 | D:5      | Gained mutation: You are very robust. (+20% HP) [Xom's
                  | grace]
  5580 | D:6      | XOM: divination: magic mapping
  5649 | D:6      | Found a staircase to the Ecumenical Temple.
  5652 | D:6      | XOM: noise
  5668 | D:6      | XOM: summons 1 hostile demon
  5676 | D:6      | Found a snail-covered altar of Cheibriados.
  5942 | D:6      | Reached skill level 5 in Dodging
  5963 | D:6      | Reached skill level 5 in Evocations
  5966 | D:6      | Reached XP level 8. HP: 55/75 MP: 9/11
  5996 | D:6      | XOM: 5-stop teleportation journey
  6150 | D:6      | XOM: cast spell 'Summon Mana Viper'
  6675 | D:5      | Bought a small emerald amulet for 130 gold pieces
  6713 | D:7      | XOM: noise
  7109 | D:7      | Found a radiant altar of Vehumet.
  7314 | D:8      | XOM: smoke on damage
  7315 | D:8      | Reached skill level 5 in Fighting
  7347 | D:8      | Reached skill level 7 in Unarmed Combat
  7362 | D:8      | Noticed Harold
  7363 | D:8      | Noticed Harold
  7363 | D:8      | Harold changed into Harold the floating eye
  7365 | D:8      | Killed Harold the floating eye
  7365 | D:8      | Reached XP level 9. HP: 58/88 MP: 13/13
  7409 | D:8      | XOM: 2-stop teleportation journey
  7422 | D:8      | Reached skill level 8 in Unarmed Combat
  7525 | D:8      | XOM: 6-stop teleportation journey
  7546 | D:8      | XOM: smoke on damage
  8013 | D:8      | Found a staircase to the Lair.
  8063 | D:8      | Gained mutation: You passively map a small area around you.
                  | [evolution]
  8065 | D:8      | Reached skill level 9 in Unarmed Combat
  8097 | D:8      | XOM: smoke on damage
  8272 | D:8      | XOM: harmless Chrm miscast
  8308 | D:8      | Noticed Erica
  8309 | D:8      | Noticed Erica
  8309 | D:8      | Erica changed into Erica the cyclops
  8324 | D:8      | XOM: enchant monster (bad)
  8326 | D:8      | Killed Erica the cyclops
  8326 | D:8      | Reached skill level 10 in Unarmed Combat
  8405 | D:8      | XOM: medium Pois miscast
  8656 | D:8      | XOM: noise
  8695 | D:8      | XOM: enchant monster (bad)
  8772 | D:9      | Noticed a troll
  8850 | D:9      | XOM: god gift: potion of curing {god gift}
  8898 | D:9      | XOM: enchant monster (bad)
  8904 | D:9      | XOM: enchant monster (good)
  8916 | D:9      | XOM: cast spell 'Call Canine Familiar'
  8923 | D:9      | Reached skill level 11 in Unarmed Combat
  8935 | D:9      | Reached skill level 1 in Spellcasting
  8935 | D:9      | Reached XP level 10. HP: 66/97 MP: 14/14
  8953 | D:9      | Learned a level 5 spell: Blade Hands
  8953 | D:9      | Found a white marble altar of Elyvilon.
  8963 | D:9      | XOM: scenery: create altars
  9068 | D:9      | Reached skill level 1 in Transmutations
  9121 | D:9      | XOM: scenery: create altars
  9199 | D:9      | XOM: enchant monster (good)
  9227 | D:9      | XOM: fog
  9527 | D:9      | XOM: scenery: create altars
  9592 | D:9      | Reached skill level 5 in Transmutations
  9702 | D:9      | Noticed a two-headed ogre
  9706 | D:9      | XOM: destruction
  9714 | D:9      | Killed a two-headed ogre
  9754 | D:10     | Entered Level 10 of the Dungeon
  9820 | D:10     | XOM is BORED!
  9820 | D:10     | XOM: enchant monster (bad)
  9848 | D:10     | XOM: give mutations
  9848 | D:10     | Gained mutation: You can translocate small distances at
                  | will. [Xom's grace]
  9848 | D:10     | Gained mutation: You are extremely robust. (+30% HP) [Xom's
                  | grace]
  9848 | D:10     | Lost mutation: You evolve. [Xom's grace]
  9848 | D:10     | Gained mutation: You are somewhat resistant to further
                  | mutation. [Xom's grace]
  9848 | D:10     | Gained mutation: Your flesh is cold resistant. (rC+) [Xom's
                  | grace]
  9850 | D:10     | XOM: fog
  9890 | D:10     | Noticed Urug
  9892 | D:10     | Noticed Urug
  9892 | D:10     | Urug changed into Urug the merfolk
  9909 | D:10     | XOM: summons 6 friendly demons
  9913 | D:10     | Killed Urug the merfolk
 10162 | D:10     | XOM: give mutation
 10162 | D:10     | Lost mutation: You have a pair of small horns on your head.
                  | [Xom's mischief]
 10170 | D:10     | XOM: swap monsters
 10214 | D:10     | Reached XP level 11. HP: 41/111 MP: 15/15
 10250 | D:10     | Noticed an unseen horror
 10250 | D:10     | a hornet changed into an unseen horror
 10252 | D:10     | XOM: enchant monster (good)
 10258 | D:10     | Killed an unseen horror
 10264 | D:10     | Found a flagged portal.
 10269 | D:10     | Found Ime Lyav's Food Emporium.
 10273 | Bailey   | Entered a bailey
 10495 | Bailey   | Noticed a deep elf mage
 10509 | Bailey   | Killed a deep elf mage
 10516 | Bailey   | XOM: noise
 10649 | Bailey   | Noticed a deep elf mage
 10650 | Bailey   | Noticed a deep elf mage
 10650 | Bailey   | Noticed a deep elf mage
 10650 | Bailey   | Noticed a deep elf mage
 10650 | Bailey   | Noticed a deep elf mage
 10650 | Bailey   | Noticed a deep elf mage
 10651 | Bailey   | XOM: cast spell 'Summon Butterflies'
 10667 | Bailey   | XOM: summons 7 friendly demons
 10669 | Bailey   | Killed a deep elf mage
 10669 | Bailey   | Killed a deep elf mage
 10671 | Bailey   | Killed a deep elf mage
 10671 | Bailey   | Reached skill level 5 in Spellcasting
 10682 | Bailey   | Killed a deep elf mage
 10682 | Bailey   | Reached skill level 10 in Transmutations
 10685 | Bailey   | Killed a deep elf mage
 10701 | Bailey   | Killed a deep elf mage
 10874 | Bailey   | Noticed a deep elf archer
 10885 | Bailey   | XOM: enchant monster (good)
 10899 | Bailey   | Killed a deep elf archer
 10999 | Bailey   | Noticed a deep elf mage
 10999 | Bailey   | Noticed a deep elf mage
 10999 | Bailey   | Noticed a deep elf mage
 11002 | Bailey   | XOM: fake destruction
 11021 | Bailey   | Killed a deep elf mage
 11025 | Bailey   | Killed a deep elf mage
 11027 | Bailey   | Killed a deep elf mage
 11240 | D:10     | XOM: confuse monster(s)
 11350 | D:10     | Noticed Gastronok
 11366 | D:10     | Killed Gastronok
 11423 | D:10     | Noticed Fannar
 11425 | D:10     | XOM: summons friendly ufetubus
 11444 | D:10     | Killed Fannar
 11444 | D:10     | Reached XP level 12. HP: 71/122 MP: 14/19
 11462 | D:10     | XOM: 6-stop teleportation journey
 11463 | D:10     | XOM: confuse monster(s)
 11466 | D:10     | XOM: 1-stop teleportation journey
 11719 | D:10     | Noticed Grum
 11720 | D:10     | Found Uzus Ut Gyst's Jewellery Shop.
 11721 | D:10     | XOM: summons 7 friendly demons
 11722 | D:10     | XOM: fake destruction
 11728 | D:10     | XOM: scenery: 1 doors close
 11740 | D:10     | XOM: summons friendly white imp
 11741 | D:10     | Killed Grum
 11746 | D:10     | XOM: fog
 11763 | D:10     | XOM: scenery: 1 doors close
 12061 | D:10     | XOM: fog
 12063 | D:10     | XOM: cleaving
 12106 | D:10     | XOM: scenery: 1 doors open, 2 doors close
 12599 | Lair:1   | Entered Level 1 of the Lair of Beasts
 12826 | Lair:1   | XOM: god gift: ration {god gift}
 12835 | Lair:1   | You fall through a shaft!
 13200 | Lair:2   | XOM: 1-stop teleportation journey
 13781 | Lair:1   | XOM: god gift: 7 rations {god gift}
 13984 | Lair:1   | XOM: god gift: 1410 gold pieces {god gift}
 14123 | Lair:1   | XOM: god gift: 22 gold pieces {god gift}
 14594 | Lair:1   | XOM is BORED!
 14594 | Lair:1   | XOM: summons 6 hostile demons
 14721 | D:10     | Bought the ring "Jechem" {rElec AC+4 Dex+5} for 786 gold
                  | pieces
 14721 | D:10     | Bought a +3 ring of slaying for 585 gold pieces
 14931 | Lair:2   | XOM: god gift: potion of brilliance {god gift}
 14934 | Lair:2   | Identified a scroll of acquirement
 14967 | Lair:2   | XOM: god gift: 6 curare-tipped needles {god gift}
 15031 | Lair:2   | Found a white marble altar of Elyvilon.
 15127 | Lair:2   | XOM: divination: detect items
 15194 | Lair:2   | Found a hole to the Spider Nest.
 15276 | Lair:2   | XOM: summons 12 friendly demons
 15415 | Lair:3   | XOM: mild Tloc miscast
 15417 | Lair:3   | XOM: harmless Air miscast
 15455 | Lair:3   | XOM: fake destruction
 15458 | Lair:3   | XOM: polymorph yak -> black bear
 15609 | Lair:3   | Identified the Papyrus of Venom and Self-Knowledge
 15678 | Lair:3   | XOM: divination: magic mapping
 15683 | Lair:3   | XOM: destruction
 15699 | Lair:2   | HP: 7/199 [tyrant leech (16)]
 15701 | Lair:2   | Xom revived you
 15702 | Lair:2   | Upgraded the game from 0.23-a0-558-g30802b1 to
                  | 0.24-a0-698-g60d090ba07
 16207 | Lair:3   | XOM: summons friendly white imp
 16240 | Lair:3   | XOM: enchant monster (good)
 16647 | Lair:4   | XOM: destruction
 16727 | Lair:4   | Noticed a catoblepas
 16748 | Lair:4   | XOM: confuse monster(s)
 16752 | Lair:4   | Killed a catoblepas
 16886 | Lair:4   | XOM: give mutations
 16886 | Lair:4   | Gained mutation: You possess an exceptional clarity of
                  | mind. [Xom's grace]
 16886 | Lair:4   | Gained mutation: You have sharp toenails. [Xom's grace]
 16886 | Lair:4   | Gained mutation: You have razor-sharp toenails. [Xom's
                  | grace]
 16986 | Lair:4   | Reached XP level 13. HP: 134/146 MP: 20/20
 17168 | Lair:4   | Found a staircase to the Shoals.
 17210 | Lair:4   | Reached skill level 10 in Fighting
 17595 | Lair:5   | XOM: enchant monster (good)
 17669 | Lair:5   | Noticed Sonja
 17674 | Lair:5   | XOM: summons friendly white imp
 17680 | Lair:5   | Killed Sonja
 17680 | Lair:5   | Reached skill level 10 in Dodging
 17705 | Lair:5   | XOM: 5-stop teleportation journey
 17709 | Lair:5   | XOM: scenery: create altars
 17730 | Lair:5   | XOM: summons 9 friendly demons
 17744 | Lair:5   | Reached skill level 1 in Throwing
 17839 | Lair:5   | XOM: cloud trail
 17919 | Lair:5   | XOM: snakes to sticks
 18022 | Lair:5   | XOM: polymorph spiny frog -> spriggan
 18357 | Lair:6   | Entered Level 6 of the Lair of Beasts
 18526 | Lair:6   | Found a staircase to the Slime Pits.
 18527 | Lair:6   | Found a viscous altar of Jiyva.
 18558 | Lair:6   | XOM: summons friendly white imp
 18617 | Lair:6   | XOM: divine lightning
 18621 | Lair:6   | XOM: fog
 18695 | Lair:6   | XOM: divination: magic mapping
 18762 | Lair:6   | XOM: polymorph spiny frog -> floating eye
 18798 | Lair:6   | XOM: cast spell 'Monstrous Menagerie'
 18848 | Lair:6   | XOM: confuse monster(s)
 18939 | Lair:6   | XOM: divination: detect items
 18947 | Lair:6   | XOM: cast spell 'Summon Dragon'
 18949 | Lair:6   | Reached skill level 5 in Throwing
 19144 | Lair:6   | XOM: divination: detect creatures
 19153 | Lair:6   | XOM: enchant monster (bad)
 20224 | D:11     | XOM: harmless Summ miscast
 20352 | D:11     | Found a staircase to the Orcish Mines.
 20355 | D:11     | XOM: divination: detect creatures
 20358 | D:11     | XOM: potion effect (haste)
 20374 | D:11     | Reached skill level 10 in Evocations
 20759 | D:11     | XOM: harmless Conj miscast
 20775 | D:11     | XOM: harmless Ice miscast
 21143 | D:12     | Reached XP level 14. HP: 137/157 MP: 17/22
 21168 | D:12     | XOM: enchant monster (good)
 21305 | D:12     | XOM: mild Necr miscast
 21327 | D:12     | Got a translucent ivory ring
 21328 | D:12     | Identified the ring of Koev Ved {rC+ MR+ Int+3 Stlth+} (You
                  | found it on level 12 of the Dungeon)
 21339 | D:12     | Noticed Nessos
 21351 | D:12     | Killed Nessos
 21420 | D:12     | Noticed Erolcha
 21437 | D:12     | Killed Erolcha
 21531 | D:12     | XOM: summons 7 hostile demons
 21791 | D:13     | XOM is BORED!
 21791 | D:13     | XOM: stat loss: -1 Int (14/15)
 21811 | D:13     | XOM: mild Air miscast
 21836 | D:13     | XOM: blink monster(s)
 21838 | D:13     | XOM: swap monsters
 21851 | D:13     | XOM: potion effect (might)
 21904 | D:13     | XOM: potion effect (brilliance)
 21923 | D:13     | XOM: potion effect (brilliance)
 21931 | D:13     | XOM: harmless Conj miscast
 21945 | D:13     | Reached skill level 12 in Unarmed Combat
 22026 | D:13     | XOM: potion effect (agility)
 22101 | D:13     | XOM: divination: magic mapping
 22132 | D:13     | XOM: cleaving
 22137 | D:13     | XOM: god gift: robe {god gift}
 22142 | D:13     | XOM: polymorph vault guard -> fire dragon
 22146 | D:13     | XOM: confuse monster(s)
 22588 | D:13     | Found a gate to the Vaults.
 22615 | D:13     | XOM: give mutations
 22615 | D:13     | Gained mutation: You have claws for feet. [Xom's grace]
 22615 | D:13     | Gained mutation: You are resistant to hostile enchantments.
                  | (MR+) [Xom's grace]
 22615 | D:13     | Gained mutation: You are agile. (Dex +2) [Xom's grace]
 22690 | D:13     | XOM: cast spell 'Shadow Creatures'
 22721 | D:13     | XOM: harmless Pois miscast
 22738 | D:13     | XOM: medium Conj miscast
 22955 | D:13     | XOM: silly message
 22983 | D:14     | XOM: divination: detect creatures
 22987 | D:14     | Noticed Louise
 22998 | D:14     | XOM: cast spell 'Olgreb's Toxic Radiance'
 23124 | D:14     | XOM: harmless Hex miscast
 23367 | D:14     | XOM: divination: magic mapping
 23371 | D:14     | XOM: potion effect (brilliance)
 23377 | D:14     | Found Uninku Zylu's Food Emporium.
 23744 | D:14     | XOM: silly message
 23785 | D:14     | XOM: potion effect (brilliance)
 23793 | D:14     | XOM: potion effect (haste)
 23826 | D:14     | XOM: harmless Chrm miscast
 23844 | D:14     | XOM: divination: detect items
 23846 | D:14     | XOM: silly message
 23850 | D:14     | XOM: cast spell 'Summon Butterflies'
 23866 | D:14     | Killed Louise
 23866 | D:14     | Reached skill level 13 in Unarmed Combat
 23883 | D:14     | XOM is BORED!
 23883 | D:14     | XOM: polymorph butterfly -> orc
 23965 | D:14     | XOM: 8-stop teleportation journey
 24078 | D:14     | XOM: summons friendly shadow imp
 24136 | D:14     | XOM: polymorph shadow imp -> white imp
 24424 | D:14     | XOM: enchant monster (good)
 24579 | D:14     | XOM: smoke on damage
 24880 | D:14     | XOM: cloud trail
 24912 | D:15     | Entered Level 15 of the Dungeon
 24939 | D:15     | XOM: give mutations
 24939 | D:15     | Gained mutation: Your mind is acute. (Int +2) [Xom's grace]
 24939 | D:15     | Lost mutation: You are somewhat resistant to further
                  | mutation. [Xom's grace]
 24939 | D:15     | Gained mutation: You evolve. [Xom's grace]
 24961 | D:15     | XOM: summons friendly crimson imp
 24978 | D:15     | Found a staircase to the Depths.
 24994 | D:15     | XOM: harmless Air miscast
 25047 | D:15     | XOM: fake destruction
 25238 | D:15     | XOM: mild Conj miscast
 25288 | D:15     | Found Bocuafig's Assorted Antiques.
 25306 | D:15     | Bought a golden potion for 25 gold pieces
 25306 | D:15     | Bought a wand of random effects (18) for 28 gold pieces
 25306 | D:15     | Bought a wand of disintegration (20) for 112 gold pieces
 25306 | D:15     | Bought a wand of flame (17) for 28 gold pieces
 25306 | D:15     | Bought 2 potions of agility for 224 gold pieces
 25310 | D:15     | Found Yblawix's Jewellery Boutique.
 25311 | D:15     | XOM: enchant monster (good)
 25341 | D:15     | XOM: 1-stop teleportation journey
 25480 | D:15     | Identified the +8 long sword of Blind Justice {freeze,
                  | rPois} (You found it on level 15 of the Dungeon)
 25489 | D:15     | Reached XP level 15. HP: 158/171 MP: 23/23
 25521 | D:15     | Reached skill level 14 in Unarmed Combat
 25672 | D:15     | XOM: summons friendly white imp
 25676 | D:15     | XOM: scenery: create altars
 25687 | D:15     | XOM: confuse monster(s)
 25702 | D:15     | XOM: fog
 25750 | D:15     | XOM: cleaving
 25927 | D:15     | XOM: god gift: hardcover book {god gift}
 26080 | D:15     | Learned a level 7 spell: Dragon Form
 26115 | D:15     | XOM: give mutations
 26115 | D:15     | Gained mutation: You are highly resistant to hostile
                  | enchantments. (MR++) [Xom's grace]
 26115 | D:15     | Gained mutation: You rapidly evolve. [Xom's grace]
 26115 | D:15     | Gained mutation: Your large and strong wings let you fly
                  | indefinitely. [Xom's grace]
 26115 | D:15     | Gained mutation: Your muscles are strong. (Str +2) [Xom's
                  | grace]
 26443 | D:8      | XOM: god gift: 520 gold pieces {god gift}
 26551 | Spider:1 | Entered Level 1 of the Spider Nest
 26586 | Spider:1 | XOM: fog
 26704 | Spider:1 | XOM: scenery: create altars
 26744 | Spider:1 | XOM: enchant monster (good)
 26855 | Spider:1 | Reached skill level 15 in Unarmed Combat
 26873 | Spider:1 | Noticed a ghost moth
 26881 | Spider:1 | Killed a ghost moth
 27109 | Spider:1 | XOM: summons 2 hostile shadow creatures
 27168 | Spider:1 | XOM: divination: detect items
 27624 | Spider:1 | XOM: cast spell 'Necromutation'
 27627 | Spider:1 | XOM: scenery: create altars
 27712 | Spider:2 | XOM: butterfly on damage
 27757 | Spider:1 | XOM: god gift: potion of invisibility {god gift}
 27841 | Spider:1 | XOM: god gift: wand of scattershot (6) {god gift}
 28043 | Spider:2 | XOM: potion effect (brilliance)
 28045 | Spider:2 | XOM: confuse monster(s)
 28524 | Spider:2 | XOM: noise
 28535 | Spider:2 | XOM: mild Conj miscast
 28674 | Spider:2 | Found a runed translucent gate.
 28674 | Spider:2 | Found a runed translucent gate.
 28674 | Spider:2 | Found a runed translucent gate.
 28684 | Spider:2 | Noticed Ankalagon's ghost (journeyman DrCK)
 28714 | Spider:2 | Lost mutation: You rapidly evolve. [decline of evolution]
 28764 | Spider:3 | Found a frozen archway.
 28778 | IceCv    | Entered an ice cave
 28888 | IceCv    | Reached skill level 16 in Unarmed Combat
 29053 | IceCv    | XOM: harmless Air miscast
 29285 | IceCv    | XOM: divination: detect creatures
 29327 | IceCv    | XOM: silly message
 29357 | IceCv    | Noticed an Ice Fiend
 29363 | IceCv    | Killed an Ice Fiend
 29592 | Spider:3 | XOM: harmless Tmut miscast
 29743 | Spider:3 | Noticed Arachne
 29752 | Spider:3 | Reached XP level 16. HP: 154/187 MP: 18/24
 29754 | Spider:3 | XOM: confuse monster(s)
 29765 | Spider:3 | Killed Arachne
 29765 | Spider:3 | XOM: harmless Ice miscast
 29986 | Spider:3 | Noticed Donald
 30007 | Spider:3 | XOM: cast spell 'Summon Small Mammal'
 30009 | Spider:3 | Killed Donald
 30009 | Spider:3 | XOM: divine lightning
 30011 | Spider:3 | XOM: fog
 30166 | Spider:3 | XOM: enchant monster (good)
 30871 | Spider:4 | Entered Level 4 of the Spider Nest
 30872 | Spider:4 | XOM: god gift: 21 gold pieces {god gift}
 30904 | Spider:4 | XOM: harmless Ice miscast
 30921 | Spider:4 | XOM: divination: magic mapping
 30985 | Spider:4 | XOM: noise
 30993 | Spider:4 | XOM: scenery: create altars
 31355 | Spider:3 | XOM: give mutations
 31355 | Spider:3 | Lost mutation: Your body often deteriorates upon taking
                  | damage. [Xom's mischief]
 31355 | Spider:3 | Lost mutation: You are extremely robust. (+30% HP) [Xom's
                  | mischief]
 31355 | Spider:3 | Lost mutation: You are agile. (Dex +2) [Xom's mischief]
 31441 | Spider:4 | XOM: divination: detect items
 31572 | Spider:4 | XOM: cast spell 'Discord'
 31576 | Spider:4 | XOM: summons 3 friendly demons
 31580 | Spider:4 | Slain by an emperor scorpion

Levels and vault maps discovered:
D:1:      dpeg_arrival_rooms_c
D:2:      yredelemnul_forgotten_temple_becter, minmay_misc_feat_x, uniq_terence
D:4:      lemuel_crystal_altar, vehumet_altar_wand_db, first_ration,
          gammafunk_ghost_arena, minmay_gold_behind_fungi,
          minmay_misc_feat_pillars, uniq_blork_the_orc
D:5:      serial_shops, shop, shop
D:6:      minmay_temple_entry_enclosed_plants, basic_altar
D:7:      basic_altar
D:8:      wander_river, erik_lair_orcish_takeover, the_bakery,
          serial_bayou_pond_c, uniq_harold, uniq_erica
D:9:      elyvilon_altar_1
D:10:     enter_bailey_2, serial_shops, shop, kennysheep_pointless_box,
          minmay_shop_enchanted_jewellery, uniq_grum, uniq_fannar, uniq_urug,
          uniq_gastronok
D:11:     kennysheep_orc_monster_closet_entryway
D:12:     layout_roguey, uniq_erolcha, uniq_nessos
D:13:     layout_rooms, lightli_vaults_fourway_checkpoint
D:14:     layout_basic, serial_shops, nicolae_shop_crystal,
          grunt_decor_mini_mirrors, uniq_louise
D:15:     gammafunk_depths_entry_grave, layout_loops_cross, serial_shops, shop,
          nicolae_shop_waterfront, abandoned_shop, minmay_pinched_square
Lair:1:   cheibrodos_lair_caveside_slide, minmay_holes
Lair:2:   spider_nest_entry_funnel_web, basic_altar
Lair:3:   minmay_stone_trees_small, worms_lemuel, minmay_lair_oklob_chamber
Lair:4:   layout_regular_city, minmay_shoals_entry_lonely_mermaid
Lair:5:   layout_small_grid, serial_rivers, chequers_serial_rivers_marsh,
          chequers_serial_rivers_large_b, chequers_serial_rivers_micro_a,
          chequers_serial_rivers_room_a, chequers_serial_rivers_small_3,
          uniq_sonja
Lair:6:   minmay_lair_end_enchanted_forest, layout_gridlike, slime_altar_1
Spider:1: layout_spider_delve
Spider:2: nicolae_orb_stairs_large, gammafunk_ghost_tricky_traps
Spider:3: layout_chambers, portal_ice_cave_entry_ice_statue_one,
          nicolae_spider_shape, uniq_donald, uniq_arachne
Spider:4: grunt_spider_rune_circles

Skill      XL: |  1  2  3  4  5  6  7  8  9 10 11 12 13 14 15 16 |
---------------+-------------------------------------------------+-----
Unarmed Combat | 4 5 6 7 11 13 16 | 16.2
Evocations     | 1 2 5 6 10 11 13 | 13.9
Dodging        | 3 5 6 9 10 | 10.0
Fighting       | 5 9 10 12 13 | 13.4
Spellcasting   | 1 2 5 |  5.0
Transmutations | 8 12 | 12.2
Throwing       | 6 |  6.0

Action                   |  1- 3 |  4- 6 |  7- 9 | 10-12 | 13-15 | 16-18 || total
-------------------------+-------+-------+-------+-------+-------+-------++-------
Melee: Unarmed           |   181 |   137 |   385 |   708 |  1391 |   179 ||  2981
       Tailslap          |    21 |    14 |    55 |   106 |   260 |    42 ||   498
       Headbutt          |       |    18 |    69 |    43 |       |       ||   130
       Punch             |       |     1 |    11 |    38 |   104 |    14 ||   168
       Kick              |       |       |       |       |   284 |    79 ||   363
 Fire: Hunting sling     |       |    21 |     7 |       |       |       ||    28
Throw: Javelin           |       |     1 |     5 |    20 |     8 |       ||    34
       Boomerang         |       |       |     5 |     1 |    21 |     1 ||    28
       Dart              |       |       |       |       |    24 |       ||    24
 Cast: Blade Hands       |       |       |       |    12 |    38 |     6 ||    56
 Abil: Breathe Dispellin |       |       |    10 |     7 |     8 |     2 ||    27
       End Transformatio |       |       |       |     5 |     3 |       ||     8
       Blink             |       |       |       |       |     2 |     3 ||     5
       Fly               |       |       |       |       |     1 |       ||     1
Evoke: Wand              |       |     8 |    21 |    35 |    40 |     6 ||   110
       Lamp of fire      |       |       |       |       |     1 |       ||     1
  Use: Scroll            |     2 |     5 |    12 |    14 |    11 |     1 ||    45
       Potion            |     1 |       |       |     2 |     1 |     3 ||     7
 Stab: Sleeping          |     2 |     1 |       |     1 |     4 |     1 ||     9
       Distracted        |       |       |     1 |     1 |     6 |       ||     8
       Petrified         |       |       |       |     9 |     1 |       ||    10
       Paralysed         |       |       |       |     5 |    12 |       ||    17
       Petrifying        |       |       |       |     2 |       |       ||     2
       Confused          |       |       |       |     3 |     8 |       ||    11
  Eat: Chunk             |     3 |     3 |     8 |     5 |    25 |       ||    44
       Ration            |     1 |     1 |     2 |     8 |     9 |     2 ||    23
Armor: Skin              |    52 |    31 |    65 |   136 |   362 |    68 ||   714
Dodge: Dodged            |   140 |    69 |   229 |   439 |  1089 |   161 ||  2127
Block: Other             |       |       |    33 |   130 |   276 |    54 ||   493
       Reflection        |       |       |       |       |    11 |       ||    11

Table legend:
 A = Non-vault XP
 B = Vault XP
 C = Vault XP percentage of total XP
 D = Non-vault monster count
 E = Vault monster count
 F = Vault count percentage of total count
                 A         B        C        D         E       F
            +---------+---------+-------+---------+---------+-------
      Total |  108347 |   71014 |  39.6 |     589 |     197 |  25.1
            +---------+---------+-------+---------+---------+-------
        D:1 |      27 |       0 |   0.0 |      17 |       0 |   0.0
        D:2 |      36 |       0 |   0.0 |      19 |       0 |   0.0
        D:3 |      41 |       0 |   0.0 |      15 |       0 |   0.0
        D:4 |     377 |      98 |  20.6 |      12 |       2 |  14.3
        D:5 |     205 |       0 |   0.0 |      16 |       0 |   0.0
        D:6 |    1011 |       0 |   0.0 |      32 |       0 |   0.0
        D:7 |     543 |       0 |   0.0 |      11 |       0 |   0.0
        D:8 |    1114 |    1489 |  57.2 |      22 |      11 |  33.3
        D:9 |    3672 |       0 |   0.0 |      34 |       0 |   0.0
       D:10 |    5004 |    4021 |  44.6 |      33 |       8 |  19.5
       D:11 |    4164 |    1748 |  29.6 |      38 |      20 |  34.5
       D:12 |    5601 |    2145 |  27.7 |      29 |       2 |   6.5
       D:13 |    3982 |    6218 |  61.0 |      28 |      12 |  30.0
       D:14 |   10245 |    1658 |  13.9 |      32 |       1 |   3.0
       D:15 |   11844 |   12031 |  50.4 |      38 |      23 |  37.7
     Lair:1 |    2412 |       0 |   0.0 |      10 |       0 |   0.0
     Lair:2 |    1564 |    1474 |  48.5 |       7 |       5 |  41.7
     Lair:3 |    4888 |    1711 |  25.9 |      26 |       7 |  21.2
     Lair:4 |    2950 |     466 |  13.6 |      11 |       1 |   8.3
     Lair:5 |    2256 |     802 |  26.2 |      13 |       1 |   7.1
     Lair:6 |    8212 |    7388 |  47.4 |      40 |      45 |  52.9
   Spider:1 |   14335 |     441 |   3.0 |      35 |       2 |   5.4
   Spider:2 |    4843 |    3445 |  41.6 |      16 |       6 |  27.3
   Spider:3 |   10515 |    8351 |  44.3 |      29 |      12 |  29.3
   Spider:4 |    8506 |    1046 |  11.0 |      26 |       3 |  10.3
     Bailey |       0 |    6293 | 100.0 |       0 |      11 | 100.0
      IceCv |       0 |   10189 | 100.0 |       0 |      25 | 100.0
            +---------+---------+-------+---------+---------+-------
